 Dungeon Crawl Stone Soup version 0.30.1-3-gfc49f6343a (webtiles) character file.

Game seed: 10782338257850671096

394 jtron the Magician (level 6, 0/47 HPs)
             Began as a Gnoll Wanderer on Aug 8, 2023.
             Was an Initiate of Kikubaaqudgha.
             Slain by an adder (2 damage)
             ... on level 4 of the Dungeon.
             The game lasted 00:06:30 (3699 turns).

jtron the Magician (Gnoll Wanderer)                 Turns: 3699, Time: 00:06:31

Health: 0/47       AC:  7    Str: 11 (14) XL:     6   Next: 82%
Magic:  14/14      EV: 10    Int: 11 (14) God:    Kikubaaqudgha [......]
Gold:   113        SH:  0    Dex:  5 (8)  Spells: 15/16 levels left

rFire   . . .        a - +2 mace
rCold   . . .        (no shield)
rNeg    . . .        b - +0 ring mail
rPois   .            (no helmet)
rElec   .            (no cloak)
rCorr   .            g - +0 pair of gloves
SInv    .            (no boots)
Will    .....        (no amulet) Stlth
                     (no ring)
HPRegen 0.27/turn    (no ring)
MPRegen 0.14/turn

%: no passive effects
@: confused, flying, hasted, very quick
A: fangs 1, strong nose, distributed training
a: Renounce Religion


You were on level 4 of the Dungeon.
You worshipped Kikubaaqudgha.
Kikubaaqudgha was noncommittal.
You visited 1 branch of the dungeon, and saw 4 of its levels.

You collected 113 gold pieces.

Inventory:

Hand Weapons
 a - a +2 mace (weapon)
Armour
 b - a +0 ring mail (worn)
 g - a +0 pair of gloves (worn)
Wands
 o - a wand of light (6)
 p - a wand of flame (9)
Scrolls
 f - 3 scrolls of amnesia {unknown}
 h - a scroll of silence {unknown}
 k - 6 scrolls of identify {unknown}
 m - a scroll of teleportation {unknown}
 n - 2 scrolls of immolation {unknown}
 r - a scroll of enchant armour {unknown}
Potions
 d - a potion of flight
 e - 2 potions of degeneration
 i - a potion of might {unknown}
 l - a potion of berserk rage {unknown}
 q - a potion of curing {unknown}


   Skills:
 + Level 3.4 Fighting
 + Level 2.2 Short Blades
 + Level 2.2 Long Blades
 + Level 2.2 Axes
 + Level 5.1 Maces & Flails
 + Level 2.2 Polearms
 + Level 2.2 Staves
 + Level 2.2 Ranged Weapons
 + Level 2.2 Throwing
 + Level 5.1 Armour
 + Level 2.2 Dodging
 + Level 2.2 Stealth
 + Level 2.2 Shields
 + Level 2.2 Unarmed Combat
 + Level 5.5 Spellcasting
 + Level 1.8 Conjurations
 + Level 1.8 Hexes
 + Level 1.8 Summonings
 + Level 4.2 Necromancy
 + Level 1.8 Translocations
 + Level 1.8 Transmutations
 + Level 1.8 Fire Magic
 + Level 1.8 Ice Magic
 + Level 1.8 Air Magic
 + Level 1.8 Earth Magic
 + Level 1.8 Poison Magic
 + Level 2.4 Invocations
 + Level 3.4 Evocations


You had 15 spell levels left.
You knew the following spells:

 Your Spells              Type           Power      Damage    Failure   Level
a - Kiss of Death         Conj/Necr      36%        2d8       13%         1

Your spell library contained the following spells:

 Spells                   Type           Power      Damage    Failure   Level
 Sublimation of Blood     Necr           12%        N/A       12%         2
 Vampiric Draining        Necr           12%        2d6       24%         3
 Ensorcelled Hibernation  Hex/Ice        12%        N/A       32%         2
 Passwall                 Tmut/Erth      5%         N/A       32%         2
 Wereblood                Tmut           6%         N/A       32%         2
 Gell's Gravitas          Tloc           6%         N/A       54%         3
 Swiftness                Air            6%         N/A       54%         3
 Teleport Other           Tloc           6%         N/A       54%         3
 Cause Fear               Hex            3%         N/A       91%         4
 Dispersal                Tloc           3%         N/A       100%        6
 Dragon Form              Tmut           3%         N/A       100%        7
 Summon Hydra             Summ           3%         N/A       100%        7
 Dragon's Call            Summ           3%         N/A       100%        9


Dungeon Overview and Level Annotations

Branches:
Dungeon (4/15)
 Temple: D:4-7

Altars:
Kikubaaqudgha

Annotations:
D:3 2 runed translucent doors


Innate Abilities, Weirdness & Mutations

You have very sharp teeth.
Your uncanny sense of smell can sniff out nearby items.
Your experience applies equally to all skills.


Message History

You feel weakened.
You feel dopey.
You feel clumsy.
You feel sick. The adder bites you but does no damage.
Something completely misses you.
It was a potion of flight.
You feel very buoyant.
You fly up into the air.
You feel sick. The adder bites you but does no damage. Something hits you.
* * * LOW HITPOINT WARNING * * *
You feel yourself speed up.
You feel sick. The adder barely misses you.
Something hits you but does no damage.
You hit the adder. Your punch misses the adder.
The adder is moderately wounded.
You feel sick. The adder bites you but does no damage.
Something hits you but does no damage.
You closely miss something.
You feel sick. The adder barely misses you.
You hit something. Your bite misses something.
You feel sick. The adder barely misses you.
Something hits you but does no damage.
You closely miss something. Your punch misses something.
Your bite misses something. The adder misses you.
Something hits you but does no damage.
You hit something. Your bite misses something.
You feel sick.
You are no longer poisoned.
The adder bites you but does no damage. Something hits you but does no damage.
You closely miss something. The adder barely misses you.
You miss something. The adder closely misses you. Something hits you.
* * * LOW HITPOINT WARNING * * *
You closely miss something. The adder bites you but does no damage.
Something hits you but does no damage.
You hit something. The adder bites you but does no damage.
You hear some strange, mumbled words.
A puff of flame appears from out of thin air!
The puff of flame hits you.
* * * LOW HITPOINT WARNING * * *
You miss something. The adder barely misses you.
You completely miss something. The adder misses you.
You hear some strange, mumbled words.
You are confused.
You bump into the rock wall.
The adder bites you.
You die...
Kikubaaqudgha rasps: "You have failed me!
Welcome... death!"

.#.#.....# #...#
..>......# #...#
.#.......# #...#
.#.......########...#
.#..........##.#....#
.#.#.#...........####
##.#.#.#########.#
#.#)#.### #S# ##.#)....#
#@# ....)....# #{#
##.#)....#######.#########
.#.#.###......h#.#.......#
.#.....#.......#.#.......#
.#)....#.#######.#######.#
.#)....#.# #.# #.#
.#.....#.#######.# ##.#
.#.....#.....##..# #..#


You could see an adder.

Vanquished Creatures
  Grinder (D:4)
  A scorpion (D:4)
  Robin (D:4)
  4 adders
  2 worms (D:3)
  3 dart slugs
  5 endoplasms
  2 giant cockroaches
  11 goblins
  8 hobgoblins
  A jackal (D:4)
  4 quokkas
  5 ball pythons
  8 bats
  3 frilled lizards
  3 kobolds
  3 rats
65 creatures vanquished.

Vanquished Creatures (others)
  2 ball pythons (D:4)
2 creatures vanquished.

Grand Total: 67 creatures vanquished

Notes
Turn   | Place    | Note
-------+----------+-------------------------------------------
     0 | D:1      | jtron the Gnoll Wanderer began the quest for the Orb.
     0 | D:1      | jtron set off with the following items: a +2 mace, a +0
                  | ring mail, a potion of haste; and the following spell
                  | memorised: Kiss of Death; and the following spells
                  | available to memorise: Vampiric Draining.
     0 | D:1      | Reached XP level 1. HP: 17/17 MP: 6/6
   228 | D:1      | Reached XP level 2. HP: 23/23 MP: 7/7
   813 | D:2      | Reached skill level 5 in Spellcasting
   813 | D:2      | Reached XP level 3. HP: 13/23 MP: 4/9
  1024 | D:2      | Reached skill level 1 in Invocations
  2349 | D:3      | Reached skill level 1 in Short Blades
  2349 | D:3      | Reached skill level 1 in Long Blades
  2349 | D:3      | Reached skill level 1 in Axes
  2349 | D:3      | Reached skill level 1 in Polearms
  2349 | D:3      | Reached skill level 1 in Staves
  2349 | D:3      | Reached skill level 1 in Ranged Weapons
  2349 | D:3      | Reached skill level 1 in Throwing
  2349 | D:3      | Reached skill level 1 in Dodging
  2349 | D:3      | Reached skill level 1 in Stealth
  2349 | D:3      | Reached skill level 1 in Shields
  2349 | D:3      | Reached skill level 1 in Unarmed Combat
  2479 | D:3      | Found a large runed translucent door.
  2480 | D:3      | Found a large runed translucent door.
  2494 | D:3      | Reached XP level 4. HP: 33/33 MP: 11/11
  2496 | D:3      | Found a glowing drain.
  2912 | D:3      | Reached skill level 1 in Conjurations
  2912 | D:3      | Reached skill level 1 in Hexes
  2912 | D:3      | Reached skill level 1 in Summonings
  2912 | D:3      | Reached skill level 1 in Translocations
  2912 | D:3      | Reached skill level 1 in Transmutations
  2912 | D:3      | Reached skill level 1 in Fire Magic
  2912 | D:3      | Reached skill level 1 in Ice Magic
  2912 | D:3      | Reached skill level 1 in Air Magic
  2912 | D:3      | Reached skill level 1 in Earth Magic
  2912 | D:3      | Reached skill level 1 in Poison Magic
  3210 | D:4      | Noticed Grinder
  3356 | D:4      | Noticed a scorpion
  3359 | D:4      | Killed a scorpion
  3360 | D:4      | Reached XP level 5. HP: 41/41 MP: 12/12
  3448 | D:4      | Found an ancient bone altar of Kikubaaqudgha.
  3454 | D:4      | Became a worshipper of Kikubaaqudgha
  3492 | D:4      | Noticed Robin
  3515 | D:4      | Killed Robin
  3515 | D:4      | Paralysed by Grinder for 2 turns
  3520 | D:4      | Killed Grinder
  3521 | D:4      | Reached skill level 5 in Maces & Flails
  3521 | D:4      | Reached skill level 5 in Armour
  3521 | D:4      | Reached XP level 6. HP: 30/47 MP: 14/14
  3694 | D:4      | HP: 2/47 [something (4)]
  3699 | D:4      | Slain by an adder

Illustrated notes

Levels and vault maps discovered:
D:1:      psy_arrival_whirlpool, layout_basic
D:2:      layout_rooms
D:3:      layout_loops_ring, jmf_multi_god_temple2,
          cheibrodos_sewer_entry_sluice
D:4:      layout_basic, elyvilon_altar_4, kiku_gazebo_garden_becter,
          serial_co_window_serial, co_window_paths_b, co_window_paths_a,
          co_window_corner_a, co_window_paths_a, co_window_of_opportunity_a,
          co_window_unsneaky_path_a, co_window_paths_c, co_window_broadway_a,
          co_window_of_opportunity_b, glass_columns_b, minmay_pentomino_pile,
          uniq_grinder, uniq_robin

Skill      XL: |  1  2  3  4  5 |
---------------+----------------+-----
Spellcasting   | 5 |  5.5
Invocations    | 1 2 |  2.4
Short Blades   | 1 2 |  2.2
Long Blades    | 1 2 |  2.2
Axes           | 1 2 |  2.2
Polearms       | 1 2 |  2.2
Staves         | 1 2 |  2.2
Ranged Weapons | 1 2 |  2.2
Throwing       | 1 2 |  2.2
Dodging        | 1 2 |  2.2
Stealth        | 1 2 |  2.2
Shields        | 1 2 |  2.2
Unarmed Combat | 1 2 |  2.2
Conjurations   | 1 |  1.8
Hexes          | 1 |  1.8
Summonings     | 1 |  1.8
Translocations | 1 |  1.8
Transmutations | 1 |  1.8
Fire Magic     | 1 |  1.8
Ice Magic      | 1 |  1.8
Air Magic      | 1 |  1.8
Earth Magic    | 1 |  1.8
Poison Magic   | 1 |  1.8
Fighting       | 3 |  3.4
Evocations     | 3 |  3.4
Necromancy     | 4 |  4.2
Maces & Flails | 5 |  5.1
Armour         | 5 |  5.1

Action                     |  1- 3 |  4- 6 || total
---------------------------+-------+-------++-------
  Melee: Mace              |    70 |    78 ||   148
         Bite              |     3 |     4 ||     7
         Punch             |       |     1 ||     1
  Throw: Javelin           |     1 |    14 ||    15
   Cast: Kiss of Death     |     2 |       ||     2
  Evoke: Wand              |       |     4 ||     4
    Use: Scroll            |     2 |       ||     2
         Potion            |       |     3 ||     3
 Armour: Ring mail         |    49 |    47 ||    96
  Dodge: Dodged            |    73 |    52 ||   125
